 Dungeon Crawl Stone Soup version 0.28.0-43-g3370ac3207 (webtiles) character file.

Game seed: 5686786861066237330

272 jimonade the Skirmisher (level 6, 0/56 HPs)
             Began as a Minotaur Abyssal Knight on Mar 12, 2022.
             Was a Believer of Lugonu.
             Slain by an orc priest
             ... wielding a +0 dagger
              (3 damage)
             ... on level 4 of the Dungeon.
             The game lasted 00:13:35 (3773 turns).

jimonade the Skirmisher (Minotaur Abyssal Knight)   Turns: 3773, Time: 00:13:36

Health: 0/56       AC:  5    Str: 20    XL:     6   Next: 2%
Magic:  6/6        EV: 11    Int: 13    God:    Lugonu [**....]
Gold:   141        SH:  0    Dex: 10    Spells: 5/5 levels left

rFire   + . .      SeeInvis .   a - +1 spear
rCold   . . .      Faith    .   (no shield)
rNeg    . . .      Spirit   .   t - +0 ring mail
rPois   .          Reflect  .   (helmet restricted)
rElec   .          Harm     .   (no cloak)
rCorr   .          Rampage  .   (no gloves)
Will    .....                   (no boots)
Stlth   +.........              (no amulet)
HPRegen 0.18/turn               c - ring of protection from fire
MPRegen 0.10/turn               i - +6 ring of intelligence

@: no status effects
A: horns 2, retaliatory headbutt
a: Renounce Religion, Depart the Abyss, Bend Space


You were on level 4 of the Dungeon.
You worshipped Lugonu.
Lugonu was pleased with you.
You visited 1 branch of the dungeon, and saw 4 of its levels.
You visited the Abyss 1 time.

You collected 141 gold pieces.

Inventory:

Hand Weapons
 a - a +1 spear (weapon)
 g - a +0 falchion
 k - a +0 hand axe
 m - a +0 falchion
 n - a +0 spear
 o - a +0 hunting sling
 p - a +2 dagger of speed
 w - a +2 mace of protection
 y - a +0 spear
 E - a +0 hunting sling
Missiles
 f - 45 sling bullets
 h - 82 arrows
 l - 68 stones
 u - 3 poisoned darts
Armour
 t - a +0 ring mail (worn)
 D - a +0 ring mail
Jewellery
 c - a ring of protection from fire (left hand)
 i - a +6 ring of intelligence (right hand)
 q - a +6 ring of intelligence
Wands
 x - a wand of iceblast (7)
Scrolls
 d - a scroll of noise {unknown}
 r - a scroll of immolation {unknown}
 s - a scroll of enchant armour {unknown}
 v - a scroll of enchant weapon {unknown}
 A - a scroll of teleportation {unknown}
Potions
 e - a potion of berserk rage {unknown}
 z - a potion of brilliance
 B - a potion of mutation {unknown}
 C - a potion of resistance {unknown}


   Skills:
 * Level 5.6 Fighting
 + Level 4.5 Polearms
 * Level 4.3 Armour
 - Level 1.5 Dodging
 - Level 0.6 Stealth
 + Level 2.2 Invocations


You had 5 spell levels left.
You didn't know any spells.
Your spell library was empty.

Dungeon Overview and Level Annotations

Branches:
Dungeon (4/15)
 Temple: D:4-7

Altars:
Gozag
Trog
Xom
Zin

Shops:
D:2 (


Innate Abilities, Weirdness & Mutations

You have a pair of horns on your head.
You reflexively headbutt those who attack you in melee.


Message History

Something hits you.
* * * LOW HITPOINT WARNING * * *
You hit something. Something hits you.
* * * LOW HITPOINT WARNING * * *
You are too injured to fight recklessly!
You are too injured to fight recklessly!
Reach: a) +1 spear
Press: ? - help, Dir - move target, f - orc priest
Aim: an orc priest, wielding a +0 dagger (about 36% to evade your +1 spear)
You reach to attack!
You hit the orc priest.
The orc priest is moderately wounded.
Reach: a) +1 spear
Press: ? - help, Dir - move target, f/p - orc priest
Aim: an orc priest, wielding a +0 dagger (moderately wounded, about 36% to evade your +1 spear)
You reach to attack!
You hit the orc priest.
The orc priest is severely wounded.
An orc wizard appears from thin air!
Reactivating autopickup.
The orc priest calls upon Beogh to heal the orc wizard.
The orc wizard is healed somewhat.
The orc wizard hits you but does no damage.
Reach: a) +1 spear
Press: ? - help, Dir - move target, p - orc priest
Okay, then.
Unknown command.
You hit the orc wizard.
The orc wizard is heavily wounded.
The orc wizard hits you with a +0 dagger.
* * * LOW HITPOINT WARNING * * *
You hit the orc wizard.
The orc wizard is severely wounded.
The orc priest mumbles some strange prayers to Beogh against you.
Beogh smites you!
* * * LOW HITPOINT WARNING * * *
The orc wizard barely misses you.
You miss the orc wizard. You headbutt the orc wizard.
You kill the orc wizard!
Lugonu accepts your kill.
The orc priest hits you with a +0 dagger.
You die...

###################
#<................# .....
######....#######.#
......
#....##)@..#.#####.......
#....##o##.......#.......
#....##o#........#.......
#....##.#................
#....>..).o..............
#.....#.###......#.......
#.....#....#.#'###.......
#.....#.##.#.#.# #.......
#####.####.#.#.# #....)..


You could see an orc priest and an orc.

Vanquished Creatures
  An ogre (D:3)
  A hound (D:4)
  An orc wizard (D:4)
  A killer bee zombie (D:3)
  6 adders
  A gnoll (D:3)
  5 orcs
  8 ball pythons
  7 bats
  7 endoplasms
  6 giant cockroaches
  4 goblins
  7 hobgoblins
  2 kobolds
  A quokka (D:1)
  4 frilled lizards
  5 rats
67 creatures vanquished.

Notes
Turn   | Place    | Note
-------+----------+-------------------------------------------
     0 | Abyss:1  | jimonade the Minotaur Abyssal Knight began the quest for
                  | the Orb.
     0 | Abyss:1  | Reached XP level 1. HP: 19/19 MP: 1/1
    12 | D:1      | Escaped the Abyss
   180 | D:1      | Reached skill level 4 in Fighting
   180 | D:1      | Reached XP level 2. HP: 27/27 MP: 2/2
   452 | D:1      | Reached ** piety under Lugonu
   666 | D:1      | Found a faded altar of an unknown god.
   867 | D:2      | Reached XP level 3. HP: 33/33 MP: 3/3
  1131 | D:2      | Found a bloodstained altar of Trog.
  1167 | D:2      | Found Oriuneb's Weapon Shoppe.
  1278 | D:2      | Reached XP level 4. HP: 41/41 MP: 4/4
  1982 | D:3      | Noticed an angel
  1983 | D:3      | Found a glowing silver altar of Zin.
  1983 | D:3      | Found a shimmering altar of Xom.
  2102 | D:3      | Reached skill level 5 in Fighting
  2396 | D:3      | Found an opulent altar of Gozag.
  2761 | D:4      | Noticed an ogre
  2901 | D:3      | HP: 1/42 [ogre/+0 giant spiked club (20)]
  2903 | D:3      | Killed an ogre
  2904 | D:3      | Reached XP level 5. HP: 2/48 MP: 5/5
  3407 | D:4      | Noticed a phantom
  3539 | D:3      | Reached XP level 6. HP: 37/56 MP: 6/6
  3772 | D:4      | HP: 2/56 [orc priest/divine providence (12)]
  3773 | D:4      | Slain by an orc priest

Illustrated notes

Levels and vault maps discovered:
D:1:      amcnicky_arrival_double_pillar, layout_rooms,
          shapermc_ecumenical_altar_petra
D:2:      layout_loops_cross, serial_shops, shop, basic_altar, solitary_fountain
D:3:      layout_loops_cross, grunt_temple_overflow_order_and_chaos_1,
          lemuel_round_altar
D:4:      black_bear_nest_1, layout_basic, grunt_ministairs_4

Skill      XL: |  1  2  3  4  5 |
---------------+----------------+-----
Invocations    | 2 |  2.2
Fighting       | 4 5 |  5.6
Polearms       | 3 4 |  4.5
Armour         | 3 4 |  4.3
Dodging        | |  1.5
Stealth        | |  0.6

Action                   |  1- 3 |  4- 6 || total
-------------------------+-------+-------++-------
Melee: Spear             |    95 |   106 ||   201
       Headbutt          |     5 |    10 ||    15
  Use: Scroll            |       |     2 ||     2
 Stab: Sleeping          |     2 |       ||     2
Armor: Leather armour    |    17 |     2 ||    19
       Ring mail         |       |    15 ||    15
Dodge: Dodged            |    41 |    37 ||    78
